 Dungeon Sprint DCSS version 0.21-a0-113-g6841d05 (webtiles) character file.

244 Kidiri the Thaumaturge (level 5, -12/32 HPs)
             Began as a Deep Elf Fire Elementalist on July 12, 2017.
             Was an Elder of Vehumet.
             Killed from afar by an efreet (29 damage)
             ... with a fireball
             ... in the Dungeon (Sprint VII: "The Pits").
             The game lasted 00:03:16 (698 turns).

Kidiri the Thaumaturge (Deep Elf Fire Elementalist)  Turns: 698, Time: 00:03:17

Health: -12/32     AC:  2    Str:  5    XL:     5   Next: 83%
Magic:  18/18      EV: 15    Int: 21    God:    Vehumet [****..]
Gold:   0          SH:  0    Dex: 15    Spells: 3/21 levels left

rFire    . . .     SeeInvis .   r - +0 dagger (venom)
rCold    . . .     Gourm    .   (no shield)
rNeg     . . .     Faith    .   a - +0 robe
rPois    .         Spirit   .   (no helmet)
rElec    .         Reflect  .   (no cloak)
rCorr    .         Harm     .   (no gloves)
MR       .....     NoTele   +   (no boots)
Stlth    ++........             (no amulet)
HPRegen  0.10/turn              (no ring)
MPRegen  0.16/turn              (no ring)

@: very slightly contaminated, invisible
A: no striking features
a: Renounce Religion


You were in the Dungeon.
You worshipped Vehumet.
Vehumet was greatly pleased with you.
You were not hungry.

You visited 1 branch

Inventory:

Hand Weapons
 r - a +0 dagger of venom (weapon)
Armour
 a - a +0 robe (worn)
Scrolls
 i - a scroll of blinking
 k - 3 scrolls of remove curse
 l - 5 scrolls of amnesia
 m - a scroll of summoning
Potions
 e - 6 potions of heal wounds
 f - a potion of haste
 g - 4 potions of magic
 h - 2 potions of berserk rage
 j - a potion of invisibility
 q - 5 potions of curing
Books
 b - a book of Flames

   Spells                             Type                      Level
   a - Flame Tongue                   Conjuration/Fire             1
   b - Throw Flame                    Conjuration/Fire             2
   c - Conjure Flame                  Conjuration/Fire             3
   d - Inner Flame                    Hexes/Fire                   3
   e - Sticky Flame                   Conjuration/Fire             4
   f - Fireball                       Conjuration/Fire             5
Comestibles
 c - 8 bread rations
 d - 6 chunks of flesh
 n - 40 fruits
 o - 7 meat rations


   Skills:
 + Level 3.2 Fighting
 + Level 4.0 Short Blades
 + Level 3.2 Armour
 + Level 5.4 Dodging
 - Level 2.4 Stealth
 * Level 8.8 Spellcasting
 + Level 4.6 Conjurations
 + Level 5.6 Fire Magic


You had 3 spell levels left.
You knew the following spells:

 Your Spells              Type           Power        Failure   Level  Hunger
a - Flame Tongue          Conj/Fire      ####.        1%          1    None
b - Throw Flame           Conj/Fire      ####..       1%          2    None
c - Conjure Flame         Conj/Fire      ####....     1%          3    None
d - Inner Flame           Hex/Fire       ###.....     1%          3    None
e - Sticky Flame          Conj/Fire      ####....     2%          4    ###....
f - Fireball              Conj/Fire      ####......   7%          5    #####..


Dungeon Overview and Level Annotations

Branches:
Dungeon (1/1)

Altars:
Ashenzari
Cheibriados
Dithmenos
Elyvilon
Fedhas
Gozag
Hepliaklqana
Kikubaaqudgha
Makhleb
Nemelex Xobeh
Okawaru
Qazlal
Ru
Sif Muna
Trog
Uskayaw
Vehumet
Wu Jian
Xom
Yredelemnul
Zin
The Shining One
Beogh
Jiyva
Lugonu


Message History

You open the door.
An efreet comes into view. It is wielding a scimitar of flaming.
The efreet gestures at you. The bolt of fire hits you!
Ouch! That really hurt!
Unknown command.
Which direction?
You close the door.
An efreet opens the door.
Unknown command.
Okay, then.
Unknown command.
You aren't carrying any items that you can evoke.
Unknown command.
You fade into invisibility!
You are very lightly contaminated with residual magic.
Unknown command.
The efreet gestures at something.
The fireball explodes!
The fireball engulfs you!
Ouch! That really hurt!
You die...

#.#..#[))).##.......#
#'###########.......#
#%.#.#.## #########
#.......# ##.#.#.##
#.......#+#
##.#.#.##ยง+
#.......#R#
##.#.#..@.#
##########


You could see an efreet.

Vanquished Creatures
  A floating eye (D)
  A big kobold (D)
  2 worker ants (D)
  An adder (D)
  An ufetubus (D)
  2 oozes (D)
  2 ball pythons (D)
  2 bat skeletons (D)
  A bat zombie (D)
  A quokka (D)
  A bat (D)
  A rat (D)
16 creatures vanquished.

Notes
Turn   | Place    | Note
-------+----------+-------------------------------------------
     0 | D        | Kidiri the Deep Elf Fire Elementalist began the quest for the Orb.
     0 | D        | Reached XP level 1. HP: 10/10 MP: 6/6
    47 | D        | Found a bloodstained altar of Trog.
    47 | D        | Found a deep blue altar of Sif Muna.
    47 | D        | Found a viscous altar of Jiyva.
    47 | D        | Found a hazy altar of Hepliaklqana.
    47 | D        | Found an opulent altar of Gozag.
    48 | D        | Found a glowing golden altar of the Shining One.
    48 | D        | Found a glowing silver altar of Zin.
    48 | D        | Found a basalt altar of Yredelemnul.
    48 | D        | Found a shimmering altar of Xom.
    48 | D        | Found an ornate altar of the Wu Jian Council.
    48 | D        | Found a sacrificial altar of Ru.
    48 | D        | Found a stormy altar of Qazlal.
    48 | D        | Found an iron altar of Okawaru.
    48 | D        | Found a sparkling altar of Nemelex Xobeh.
    48 | D        | Found a burning altar of Makhleb.
    48 | D        | Found a blossoming altar of Fedhas.
    48 | D        | Found a white marble altar of Elyvilon.
    48 | D        | Found a shadowy altar of Dithmenos.
    48 | D        | Found a snail-covered altar of Cheibriados.
    50 | D        | Found a radiant altar of Vehumet.
    50 | D        | Found a corrupted altar of Lugonu.
    50 | D        | Found a roughly hewn altar of Beogh.
    51 | D        | Found a hide-covered altar of Uskayaw.
    51 | D        | Found an ancient bone altar of Kikubaaqudgha.
    51 | D        | Found a shattered altar of Ashenzari.
    58 | D        | Became a worshipper of Vehumet
    75 | D        | Noticed a worker ant
    82 | D        | Killed a worker ant
    82 | D        | Reached skill level 1 in Fighting
    82 | D        | Reached skill level 1 in Short Blades
    82 | D        | Reached skill level 1 in Armour
    82 | D        | Reached skill level 5 in Spellcasting
    82 | D        | Reached XP level 2. HP: 12/16 MP: 7/10
    86 | D        | Reached XP level 3. HP: 11/20 MP: 7/11
    93 | D        | Learned a level 2 spell: Throw Flame
    97 | D        | Learned a level 3 spell: Conjure Flame
   101 | D        | Learned a level 3 spell: Inner Flame
   359 | D        | Reached * piety under Vehumet
   359 | D        | Offered knowledge of Sandblast by Vehumet.
   416 | D        | Reached ** piety under Vehumet
   416 | D        | Reached skill level 6 in Spellcasting
   481 | D        | Reached XP level 4. HP: 26/26 MP: 11/14
   487 | D        | Learned a level 4 spell: Sticky Flame
   547 | D        | Noticed a floating eye
   549 | D        | Killed a floating eye
   549 | D        | Offered knowledge of Freeze by Vehumet.
   549 | D        | Reached skill level 7 in Spellcasting
   549 | D        | Reached skill level 5 in Fire Magic
   549 | D        | Reached XP level 5. HP: 32/32 MP: 14/17
   551 | D        | Reached *** piety under Vehumet
   551 | D        | Reached skill level 8 in Spellcasting
   611 | D        | Reached skill level 5 in Dodging
   615 | D        | Reached **** piety under Vehumet
   671 | D        | Learned a level 5 spell: Fireball
   695 | D        | Noticed an efreet
   698 | D        | Killed from afar by an efreet

Vault maps used:
D:        pitsprint

Skill      XL: |  1  2  3  4  5 |
---------------+----------------+-----
Fighting       | 1 2 3 |  3.2
Short Blades   | 1 2 3 4 |  4.0
Armour         | 1 2 3 |  3.2
Dodging        | 3 4 5 |  5.4
Spellcasting   | 5 6 7 8 |  8.8
Conjurations   | 2 3 4 |  4.6
Fire Magic     | 4 5 |  5.6
Stealth        | |  2.4

Action                   |  1- 3 |  4- 6 || total
-------------------------+-------+-------++-------
Melee: Dagger            |     8 |     1 ||     9
 Cast: Flame Tongue      |    11 |     9 ||    20
       Throw Flame       |     1 |     4 ||     5
       Conjure Flame     |     1 |     1 ||     2
       Inner Flame       |       |     1 ||     1
  Use: Potion            |     2 |     1 ||     3
 Stab: Sleeping          |       |     1 ||     1
Dodge: Dodged            |     8 |       ||     8
